 Dungeon Crawl Stone Soup version 0.32-a0-540-g866d13106e (webtiles) character file.

Game seed: 8645115957753878422

29 zenocrate the Ruffian (level 3, 27/27 HPs)
             Began as a Demonspawn Gladiator on Feb 29, 2024.
             Quit the game on level 1 of the Dungeon.
             The game lasted 00:00:37 (599 turns).

zenocrate the Ruffian (Demonspawn Gladiator)         Turns: 599, Time: 00:00:37

Health: 27/27      AC:  4    Str: 16    XL:     3   Next: 1%
Magic:  3/3        EV: 12    Int:  8    God:
Gold:   22         SH:  0    Dex: 14    Spells: 2/2 levels left

rFire   . .          .
                       - Unarmed
rCold   . . .        (no shield)
rNeg    . . .        a - +0 leather armour
rPois   .            b - +0 helmet
rElec   .            (no cloak)
rCorr   .            (no gloves)
SInv    .            (no boots)
Will    .....        (no amulet)
Stlth   +            (no ring)
HPRegen 0.24/turn    (no ring)
MPRegen 0.08/turn

%: no passive effects
@: no status effects
A: powered by death 1, weakness stinger 1
a: no special abilities


You were on level 1 of the Dungeon.
You visited 1 branch of the dungeon, and saw 1 of its levels.

You collected 22 gold pieces.

Inventory:

Missiles
 c - 3 throwing nets (quivered)
 d - a javelin
Armour
 a - a +0 leather armour (worn)
 b - a +0 helmet (worn)
Scrolls
 i - a scroll of identify {unknown}
 k - a scroll of amnesia {unknown}
Potions
 e - a potion of brilliance {unknown}
 f - a potion of enlightenment {unknown}
 g - a potion of heal wounds {unknown}
 h - a potion of might {unknown}
 j - a potion of degeneration {unknown}


   Skills:
 - Level 2.0 Fighting
 - Level 1.7 Throwing
 - Level 2.6 Dodging
 + Level 3.8 Unarmed Combat


You had 2 spell levels left.
You didn't know any spells.
Your spell library contained the following spells:

 Spells                   Type           Power      Damage    Failure   Level
 Summon Forest            Summ/Tloc      0%         N/A       100%        5
 Eringya's Noxious Bog    Alch           0%         4d6       100%        6
 Summon Hydra             Summ           0%         N/A       100%        7


Dungeon Overview and Level Annotations

Branches:
Dungeon (1/15)

Altars:


Innate Abilities, Weirdness & Mutations

You regenerate a little health from kills.
You have a small tail.


Message History

You hit the kobold.
You kill the kobold!
No target in view!
Things that are here:
a +0 short sword; 3 stones No target in view!
Things that are here:
a +0 short sword; 3 stones You now have 22 gold pieces (gained 7).
Things that are here:
a +0 short sword; 3 stones
Found a spear.
No target in view!
No target in view!
Found a leather armour.
No target in view!
k - a scroll labelled OPLICL SOTZ Key pressed, stopping explore.
No target in view!
No target in view!
An endoplasm comes into view.
You see here a +0 leather armour.
The endoplasm quivers.
An endoplasm is nearby!
An endoplasm is nearby!
An endoplasm is nearby!
You hit the endoplasm.
You kill the endoplasm!
You have reached level 3!
Your experience leads to an increase in your attributes!
Increase (S)trength, (I)ntelligence, or (D)exterity?
You feel stronger. x2; Your demonic ancestry asserts itself...
You grow a small tail.
Are you sure you want to abandon this character and quit the game? (Confirm with "yes".)
Okay, then.
You don't know any spells.
Unknown command.
Unknown command.
Unknown command.
Are you sure you want to abandon this character and quit the game? (Confirm with "yes".)

.._...##.#
#..†......#.
#...#..#.########
#.######.###
##.##............
#.# #.# #
......##.#######.
#.# #.# # .#####...#
..# #.# # ######.###
### #.# .......#
##### #.# ######.#
######...... ..#
###.######...@..#
#........#[###### ##
#.#.####.#.#########
.# #.#.#
#.......)...# .#
#.#.# #...#######.#
.# #.#.# #...# #.#
.# #.#.####...#
#.########### .#
#.#...)....#
#............ .#
#.#........#
#############


There were no monsters in sight!

Vanquished Creatures
  3 endoplasms (D:1)
  3 goblins (D:1)
  2 hobgoblins (D:1)
  2 jackals (D:1)
  A quokka (D:1)
  4 ball pythons (D:1)
  4 bats (D:1)
  A frilled lizard (D:1)
  4 kobolds (D:1)
  3 rats (D:1)
27 creatures vanquished.

Notes
Turn   | Place    | Note
-------+----------+-------------------------------------------
     0 | D:1      | zenocrate the Demonspawn Gladiator began the quest for the
                  | Orb.
     0 | D:1      | Reached XP level 1. HP: 16/16 MP: 1/1
    44 | D:1      | Reached skill level 3 in Unarmed Combat
    84 | D:1      | Gained mutation: You regenerate a little health from kills.
                  | [demonic ancestry]
    84 | D:1      | Reached XP level 2. HP: 22/22 MP: 2/2
   230 | D:1      | Found a faded altar of an unknown god.
   599 | D:1      | Gained mutation: You have a small tail. [demonic ancestry]
   599 | D:1      | Reached XP level 3. HP: 27/27 MP: 3/3
   599 | D:1      | Quit the game

Illustrated notes

Levels and vault maps discovered:
D:1:      minmay_arrival_radiant_lines, layout_loops_ring,
          ebering_ecumenical_altar_box, minivault_24

Skill      XL: |  1 |
---------------+----+-----
Unarmed Combat | 3 |  3.8
Fighting       | |  2.0
Throwing       | |  1.7
Dodging        | |  2.6

Action                     || total
---------------------------++-------
  Melee: Unarmed           ||    88
         Punch             ||     1
 Armour: Leather armour    ||    55
  Dodge: Dodged            ||    57

Table legend: (Time is in decaauts)
 A = Elapsed time spent in this place.
 B = Non-inter-level travel time spent in this place.
 C = Inter-level travel time spent in this place.
 D = Time resting spent in this place.
 E = Time spent auto-exploring this place.
 F = Levels seen in this place.
 G = Mean time per level.
                   A        B        C        D        E       F      G
               +--------+--------+--------+--------+--------+-----+--------+
         Total |    593 |    593 |      0 |      0 |    404 |   1 |  593.0 |
       Dungeon |    593 |    593 |      0 |      0 |    404 |   1 |  593.0 |
               +--------+--------+--------+--------+--------+-----+--------+

Top non-repeatable levels by time:
     D:1: 593 daAuts
